 Dungeon Crawl Stone Soup version 0.30-a0-652-gcc886f7154 (webtiles) character file.

Game seed: 11414205637150315023

8759 NinjaNoafa the Warmonger (level 11, -2/94 HPs)
             Began as a Hill Orc Fighter on Jan 17, 2023.
             Was a High Priest of Okawaru.
             Slain by a polar bear (10 damage)
             ... on level 8 of the Dungeon.
             The game lasted 00:34:09 (10933 turns).

NinjaNoafa the Warmonger (Hill Orc Fighter)        Turns: 10933, Time: 00:34:09

Health: -2/94      AC: 29    Str: 28    XL:     11   Next: 35%
Magic:  18/18      EV:  7    Int:  3    God:    Okawaru [*****.]
Gold:   250        SH: 15    Dex: 14    Spells: 10/10 levels left

rFire   + + .      SeeInvis +    a - +5 broad axe (protect)
rCold   + . .      Faith    .    j - +0 kite shield
rNeg    . . .      Spirit   .    r - +8 chain mail of Peek-a-Boo {rCorr Str+4 Int-5 Dex+4}
rPois   .          Reflect  +    (no helmet)
rElec   .          Harm     .    x - scarf {rC+ rF+}
rCorr   +          Rampage  .    L - +2 pair of gloves
Will    .....                    c - +0 pair of boots Stlth
                                 D - amulet of reflection
HPRegen 0.35/turn                n - ring of protection from fire
MPRegen 0.16/turn                P - ring of see invisible

@: under a protective aura
A: no striking features
a: Renounce Religion, Heroism, Finesse, Duel


You were on level 8 of the Dungeon.
You worshipped Okawaru.
Okawaru was extremely pleased with you.
You visited 1 branch of the dungeon, and saw 9 of its levels.
You also visited: Sewer.

You collected 594 gold pieces.
You spent 344 gold pieces at shops.

Inventory:

Hand Weapons
 a - a +5 broad axe of protection (weapon)
 b - the +8 flail of the Orcish Mines {freeze, Int+5}
   (You found it on level 9 of the Dungeon)

   Int:       It affects your intelligence (+5).
Missiles
 i - 19 poisoned darts (quivered)
 q - 2 silver javelins
 s - 2 boomerangs
 u - a javelin
 J - 5 atropa-tipped darts
Armour
 c - a +0 pair of boots (worn)
 j - a +0 kite shield (worn)
 r - the +8 chain mail of Peek-a-Boo (worn) {rCorr Str+4 Int-5 Dex+4}
   (Okawaru gifted it to you on level 6 of the Dungeon)

   Str:       It affects your strength (+4).
   Int:       It affects your intelligence (-5).
   Dex:       It affects your dexterity (+4).
   rCorr:     It protects you from acid and corrosion.
 x - a scarf of resistance (worn)
 L - a +2 pair of gloves (worn)
 M - a +6 chain mail of cold resistance
Jewellery
 n - a ring of protection from fire (left hand)
 D - an amulet of reflection (around neck)
 P - a ring of see invisible (right hand)
Wands
 k - a wand of mindburst (22)
 t - a wand of polymorph (19)
 w - a wand of paralysis (27)
 K - a wand of iceblast (28)
 N - a wand of quicksilver (6)
Scrolls
 d - 2 scrolls of fear {unknown}
 f - 2 scrolls of immolation
 l - 2 scrolls of poison
 m - 8 scrolls of teleportation
 y - 2 scrolls of amnesia {unknown}
 C - 2 scrolls of blinking {unknown}
 E - a scroll of noise {unknown}
 F - a scroll of magic mapping {unknown}
 G - 2 scrolls of vulnerability
Potions
 e - 2 potions of flight
 g - 5 potions of haste
 h - a potion of lignification {unknown}
 o - 4 potions of curing
 p - 3 potions of attraction {unknown}
 z - a potion of mutation {unknown}
 A - a potion of might
 I - a potion of berserk rage {unknown}
 O - a potion of invisibility {unknown}
 Q - a potion of brilliance {unknown}


   Skills:
 - Level 8.0 Fighting
 - Level 5.7 Axes
 + Level 7.3 Throwing
 - Level 6.4 Armour
 + Level 8.1 Shields
 - Level 10.0 Invocations
 + Level 7.5 Evocations


You had 10 spell levels left.
You didn't know any spells.
Your spell library contained the following spells:

 Spells                   Type           Power      Damage    Failure   Level
 Cigotuvi's Dreadful Rot  Necr/Pois/Air  0%         N/A       100%        2
 Lesser Beckoning         Tloc           0%         N/A       100%        2
 Poisonous Vapours        Pois/Air       0%         N/A       100%        2
 Gell's Gravitas          Tloc           0%         N/A       100%        3
 Mephitic Cloud           Conj/Pois/Air  0%         N/A       100%        3
 Teleport Other           Tloc           0%         N/A       100%        3
 Dispel Undead            Necr           0%         3d6       100%        4
 Death Channel            Necr           Unusable   N/A       N/A         6

Dungeon Overview and Level Annotations

Branches:
Dungeon (9/15)             Temple (0/1) D:4            Lair (0/5) D:9
  Sewer (visited)
    Orc: D:9-12

Altars:
Cheibriados
Elyvilon
Fedhas
Gozag
Hepliaklqana
Makhleb
Nemelex Xobeh
Okawaru
Ru
Sif Muna
Trog
Beogh

Shops:
D:2 (   D:6 [   D:8 *

Annotations:
D:9 3 runed translucent doors, petzl's ghost, amateur FoDe


Message History

The polar bear closely misses you. You block the spriggan's attack.
The spriggan hits you but does no damage. x2
Aiming: Iceblast
Press: ? - help, Shift-Dir - straight line, f - spriggan
Aim: a spriggan, wielding a +0 trident The mass of ice explodes!
The iceblast engulfs the spriggan!!
The spriggan is severely wounded.
The iceblast engulfs the spriggan!!
The spriggan is severely wounded.
The polar bear bites you! You block the polar bear's attack.
The polar bear claws you.
* * * LOW HITPOINT WARNING * * *
You block the polar bear's attack. x2
The polar bear claws you but does no damage.
The spriggan hits you but does no damage. x2
The spriggan hits you from afar with a +0 trident!
* * * LOW HITPOINT WARNING * * *
Okay, then.
The spriggan hits you with the +3 spear "Ukuttor" {spect, Int+2}!
* * * LOW HITPOINT WARNING * * *
Okay, then.
You feel better. You block the polar bear's attack.
The polar bear claws you but does no damage.
You block the polar bear's attack. The spriggan closely misses you.
The polar bear bites you!
* * * LOW HITPOINT WARNING * * *
The polar bear barely misses you.
The polar bear claws you but does no damage.
The spriggan hits you but does no damage.
You feel better. You block the polar bear's attack. The polar bear misses you.
The polar bear claws you but does no damage.
You block the spriggan's attack.
You miss the spriggan.
The spriggan is almost dead.
You hit the polar bear.
Your weapon exudes an aura of protection.
You block the polar bear's attack. The polar bear claws you.
* * * LOW HITPOINT WARNING * * *
You block the polar bear's attack. The polar bear bites you!
You die...

....##.#.#.###.......#.##...#.))#
.............'...#####...........
....##.###.###...#♣♣ ####...##...
.................#.♣♣♣ ##..##..#
#.#.#......####..##..♣ #.###..#
.................8#♣.♣♣ #..##..#
.......##..####...#...♣ #.).....
#.####.##...# #.h.ii♣.♣ #......#
#.# #.###..###.@.#.♣♣.. #..###.#
#.####.###...##.i8#.....♣#..#####
#................##♣..♣♣♣#..#....
#......###.#..#.##..♣♣♣ ##.......
#......###.##....#♣♣♣ #........
#....).[.........# #### ###.#.###
.......).......>## #..### #.#.###
......[).#.####.# #....# #......
#####..#.#...##.# #....###.#.###


You could see a polar bear (berserk) and 3 spriggans.

Vanquished Creatures
  A two-headed ogre (D:8)
  The ghost of bmack86 the Fighter, a novice MiFi of Okawaru (D:8)
  The ghost of bande the Chopper, a novice GrFi (D:5)
  The ghost of bmack86 the Cleaver, a novice MiFi (D:6)
  An ugly thing (D:6)
  Maggie (D:6)
  A troll (D:6)
  Prince Ribbit (D:8)
  Grum (D:9)
  5 yaks (D:9)
  2 wargs
  4 water moccasins
  2 orc warriors (D:9)
  3 ice beasts
  2 sky beasts
  An ogre (D:5)
  A black bear (D:6)
  6 centaurs
  3 wolves
  A phantom (D:5)
  A gnoll sergeant (D:8)
  2 necrophages
  A scorpion (D:7)
  5 bullfrogs
  11 wights
  A howler monkey (D:5)
  4 orc priests
  4 hounds (D:6)
  5 jellies
  A gnoll bouda (D:6)
  Ijyb (D:3)
  4 iguanas
  3 orc wizards
  4 gnolls (D:8)
  20 adders
  5 river rats (Sewer)
  2 white imps (D:6)
  2 ufetubi
  A worm (D:2)
  2 dart slugs (D:3)
  21 orcs
  14 ball pythons
  5 bats
  8 endoplasms
  3 giant cockroaches
  5 goblins
  7 hobgoblins
  3 jackals (D:4)
  7 kobolds
  2 quokkas
  7 frilled lizards
  23 rats
223 creatures vanquished.

Vanquished Creatures (others)
  Erica (D:8)
  A kobold brigand (D:9)
  A kobold (D:3)
  2 bushes (D:6)
  2 fungi (D:8)
  14 plants
  2 withered plants (D:5)
23 creatures vanquished.

Grand Total: 246 creatures vanquished

Notes
Turn   | Place    | Note
-------+----------+-------------------------------------------
     0 | D:1      | NinjaNoafa the Hill Orc Fighter began the quest for the
                  | Orb.
     0 | D:1      | Reached XP level 1. HP: 19/19 MP: 1/1
   180 | D:1      | Reached XP level 2. HP: 26/26 MP: 2/2
   187 | D:1      | Found a faded altar of an unknown god.
   710 | D:2      | Reached XP level 3. HP: 20/31 MP: 3/3
   825 | D:2      | Reached skill level 5 in Axes
   896 | D:2      | Found Hoetuduh's Weapon Boutique.
  1067 | D:2      | Reached XP level 4. HP: 40/40 MP: 4/4
  1476 | D:3      | Found a burning altar of Makhleb.
  1500 | D:3      | Noticed Ijyb
  1518 | D:3      | Killed Ijyb
  1519 | D:3      | Reached skill level 1 in Evocations
  1547 | D:3      | Reached XP level 5. HP: 46/46 MP: 5/5
  1560 | D:3      | Found a hazy altar of Hepliaklqana.
  1560 | D:3      | Found an iron altar of Okawaru.
  1561 | D:3      | Found a bloodstained altar of Trog.
  1573 | D:3      | Became a worshipper of Warmaster Okawaru
  1916 | D:3      | Found a shimmering blue altar of Sif Muna.
  1916 | D:3      | Found a sacrificial altar of Ru.
  2143 | D:4      | Found a white marble altar of Elyvilon.
  2185 | D:4      | Reached skill level 1 in Invocations
  2331 | D:4      | Found a glowing drain.
  2366 | Sewer    | Entered a sewer
  2394 | Sewer    | Reached XP level 6. HP: 40/53 MP: 6/6
  2737 | Sewer    | Reached * piety under Okawaru
  2738 | Sewer    | Reached skill level 5 in Shields
  2738 | Sewer    | Reached skill level 5 in Fighting
  2738 | Sewer    | Reached XP level 7. HP: 32/61 MP: 7/7
  3011 | D:4      | Found a staircase to the Ecumenical Temple.
  3147 | D:4      | Reached skill level 5 in Armour
  3147 | D:4      | Reached skill level 2 in Invocations
  3561 | D:5      | Entered Level 5 of the Dungeon
  3575 | D:5      | Reached skill level 3 in Invocations
  3576 | D:5      | Found a snail-covered altar of Cheibriados.
  3692 | D:5      | Reached skill level 4 in Invocations
  3748 | D:5      | Found a runed translucent door.
  3748 | D:5      | Noticed bande's ghost (novice GrFi)
  3799 | D:5      | Reached ** piety under Okawaru
  3800 | D:5      | Reached skill level 5 in Invocations
  4009 | D:5      | Reached XP level 8. HP: 68/68 MP: 12/12
  4350 | D:5      | Reached skill level 6 in Invocations
  5184 | D:6      | Found a sparkling altar of Nemelex Xobeh.
  5196 | D:6      | Noticed a brown ugly thing
  5200 | D:6      | Noticed bmack86's ghost (novice MiFi)
  5202 | D:6      | Noticed a troll
  5773 | D:6      | Upgraded the game from 0.30-a0-639-g3916f1956a to
                  | 0.30-a0-652-gcc886f7154
  5780 | D:6      | Reached skill level 7 in Invocations
  5957 | D:6      | Found a runed translucent gate.
  5957 | D:6      | Found a runed translucent gate.
  5958 | D:6      | Found a runed translucent gate.
  6040 | D:6      | Found Beapnudgh's Armour Shoppe.
  6070 | D:6      | Found a blossoming altar of Fedhas.
  6475 | D:6      | Noticed Maggie
  6486 | D:6      | Killed Maggie
  6486 | D:6      | Reached *** piety under Okawaru
  6487 | D:6      | Reached XP level 9. HP: 39/75 MP: 14/14
  6488 | D:6      | Reached skill level 8 in Invocations
  6859 | D:6      | Bought a +3 chain mail of cold resistance for 344 gold
                  | pieces
  7056 | D:7      | Reached **** piety under Okawaru
  7388 | D:7      | Reached skill level 1 in Throwing
  7400 | D:7      | Reached skill level 5 in Evocations
  7487 | D:7      | Reached skill level 9 in Invocations
  7965 | D:8      | Reached XP level 10. HP: 82/84 MP: 17/17
  7998 | D:8      | Noticed Erica
  8008 | D:8      | Killed Erica
  8009 | D:8      | Reached skill level 10 in Invocations
  8207 | D:8      | Found Ixzugij's Profane Products.
  8555 | D:8      | Found an opulent altar of Gozag.
  8689 | D:8      | Noticed Prince Ribbit
  8698 | D:8      | Killed Prince Ribbit
  8788 | D:8      | Noticed a two-headed ogre
  8812 | D:8      | Killed a two-headed ogre
  8813 | D:8      | Reached skill level 5 in Throwing
  8914 | D:8      | Found a runed translucent door.
  8915 | D:8      | Noticed bmack86's ghost (novice MiFi)
  9062 | D:8      | Identified the +3 spear "Ukuttor" {spect, Int+2}
  9076 | D:9      | Found a staircase to the Lair.
  9130 | D:9      | Noticed Grum
  9145 | D:9      | Killed Grum
  9337 | D:9      | Reached ***** piety under Okawaru
  9344 | D:9      | Received a gift from Okawaru
  9808 | D:9      | Found a runed translucent gate.
  9808 | D:9      | Noticed petzl's ghost (amateur FoDe)
  9809 | D:9      | Found a runed translucent gate.
  9810 | D:9      | Found a runed translucent gate.
  9813 | D:9      | Identified the +6 plate armour of the Raven {rF- rN+ Int+2}
  9833 | D:9      | Identified the +8 flail of the Orcish Mines {freeze, Int+5}
  9973 | D:9      | Received a gift from Okawaru
 10511 | D:9      | Found a roughly hewn altar of Beogh.
 10608 | D:5      | Killed bande's ghost
 10609 | D:5      | Reached XP level 11. HP: 90/94 MP: 18/18
 10700 | D:6      | Killed a brown ugly thing
 10709 | D:6      | Killed bmack86's ghost
 10709 | D:6      | Identified the +8 chain mail of Peek-a-Boo {rCorr Str+4
                  | Int-5 Dex+4} (Okawaru gifted it to you on level 6 of the
                  | Dungeon)
 10709 | D:6      | Received a gift from Okawaru
 10909 | D:8      | Killed bmack86's ghost
 10931 | D:8      | HP: 2/94 [polar bear (15)]
 10933 | D:8      | Slain by a polar bear

Illustrated notes

Levels and vault maps discovered:
D:1:      dpeg_arrival_rooms_b, layout_basic, hellmonk_ecumenical_altar_blasted
D:2:      layout_loops_ring, serial_shops, shop_fountains
D:3:      layout_rooms, mainiacjoe_overflow_six_doors_small,
          chequers_temple_overflow_statue_of_worship,
          nicolae_overflow_two_pavilions, bh_walls_and_bars, uniq_ijyb
D:4:      layout_loops_ring, nicolae_overflow_hidden_temple, temple_doors_cd,
          portal_sewer_entry_d
D:5:      layout_loops_ring, mainiacjoe_overflow_tiny_flanked,
          gammafunk_ghost_grave, roderic_nine_men_s_morris, minmay_door_square,
          corexii_item_surrounded_by_moat, dk_vineyard_3,
          kennysheep_opposing_triangles
D:6:      minmay_bubble_buster, layout_layer_cave, overflow_temple_1_default,
          fedhas_altar_decomposition, serial_shops, nicolae_shop_behind_doors,
          gammafunk_ghost_split, uniq_maggie
D:7:      layout_loops_cross, nrook_campfire, grunt_decor_resistance
D:8:      layout_basic, nicolae_gozag_cash_rules_everything_around_me,
          ebering_ghost_funeral_grove, nicolae_evil_shop, uniq_prince_ribbit1,
          uniq_erica
D:9:      layout_grid_maze, erik_lair_orcish_takeover,
          biasface_ghost_orc_armoury, uniq_grum

Skill      XL: |  1  2  3  4  5  6  7  8  9 10 11 |
---------------+----------------------------------+-----
Axes           | 3 4 5 |  5.7
Fighting       | 4 5 6 8 |  8.0
Evocations     | 1 2 3 4 5 6 7 |  7.5
Invocations    | 1 5 7 9 10 | 10.0
Shields        | 5 6 7 8 |  8.1
Armour         | 4 5 6 |  6.4
Throwing       | 2 6 7 |  7.3

Action                   |  1- 3 |  4- 6 |  7- 9 | 10-12 || total
-------------------------+-------+-------+-------+-------++-------
Melee: War axe           |    75 |   203 |   161 |       ||   439
       Unarmed           |       |     5 |       |       ||     5
       Broad axe         |       |       |    82 |   163 ||   245
Throw: Dart              |       |       |     2 |    31 ||    33
       Boomerang         |       |       |    19 |       ||    19
Invok: Heroism           |       |       |       |     1 ||     1
       Finesse           |       |       |       |     1 ||     1
Evoke: Wand              |       |     1 |     3 |     4 ||     8
  Use: Scroll            |       |     1 |    13 |     3 ||    17
       Potion            |       |     1 |     1 |     8 ||    10
Armor: Scale mail        |    23 |    15 |       |       ||    38
       Skin              |       |     1 |       |       ||     1
       Ring mail         |       |    86 |    68 |       ||   154
       Chain mail        |       |       |    44 |   122 ||   166
Dodge: Dodged            |    36 |   114 |    93 |    58 ||   301
Block: Buckler           |    19 |   144 |   151 |    13 ||   327
       Reflection        |       |     3 |     7 |     5 ||    15
       Kite shield       |       |       |       |   147 ||   147

Table legend: (Time is in decaauts)
 A = Elapsed time spent in this place.
 B = Non-inter-level travel time spent in this place.
 C = Inter-level travel time spent in this place.
 D = Time resting spent in this place.
 E = Time spent auto-exploring this place.
 F = Levels seen in this place.
 G = Mean time per level.
                   A        B        C        D        E       F      G
               +--------+--------+--------+--------+--------+-----+--------+
         Total |  11176 |  10533 |    643 |      0 |   8291 |  10 | 1117.6 |
       Dungeon |  10616 |   9973 |    643 |      0 |   7947 |   9 | 1179.6 |
         Sewer |    559 |    559 |      0 |      0 |    344 |   1 |  559.0 |
               +--------+--------+--------+--------+--------+-----+--------+

Top non-repeatable levels by time:
     D:6: 2146 daAuts
     D:5: 1641 daAuts
     D:8: 1380 daAuts
     D:9: 1334 daAuts
     D:4: 1091 daAuts
     D:7: 979 daAuts
     D:2: 702 daAuts
     D:1: 701 daAuts
     D:3: 639 daAuts
   Sewer: 559 daAuts
